AoeStats
← psigemo

Arabia

510774366Analyzed
1v1 RM · 17h ago on Oct 2, 2026· 13m 15s· 2 players
Game mode
Random Map
Map size
Tiny (2 player)
Population
200
Speed
Normal
Resources
Standard
Victory
Conquest
Starting age
Dark Age
Ending age
Imperial Age
RankedLock teamsTeams togetherTeam positionsShared explorationLock speedFull tech treeHidden civsTurbo modeCheats
Victory
Defeat
🇨🇴 Mongols · Colombia
989
+18
🇪🇸 Koreans · Spain
1031
-18
psigemo
6:37 Loom
9:55 Feudal Age
10:28 Double-Bit Axe
10:43 Man-at-Arms
12:47 Scale Mail Armor
eigenvictor
3:54 Loom
10:58 Feudal Age
11:45 Double-Bit Axe
11:44 Horse Collar
11:55 Man-at-Arms
Connection lost

Rejoining the realm…

Still unreachable

The connection could not be restored.

Session expired

The server has moved on; the page needs a fresh start.